 Dungeon Sprint DCSS version 0.30.1-4-g462c640d31 (webtiles) character file.

Game seed: 12506294117717793108

965 Heoruswealwe the Grappler (level 7, -4/81 HPs)
             Began as a Troll Berserker on Sept 5, 2023.
             Was a Priest of Trog.
             Slain by a deep troll (20 damage)
             ... in the Dungeon (Sprint I: "Red Sonja").
             The game lasted 00:01:31 (75 turns).

Heoruswealwe the Grappler (Troll Berserker)           Turns: 75, Time: 00:01:32

Health: -4/81      AC:  4    Str: 28    XL:     7   Next: 93%
Magic:  6/6        EV: 12    Int:  3    God:    Trog [***...]
Gold:   146        SH:  0    Dex:  9    Spells: 6/6 levels left

rFire   . .          .
                       - Unarmed
rCold   . . .        (no shield)
rNeg    . . .        a - +0 animal skin
rPois   .            (helmet restricted)
rElec   .            (no cloak)
rCorr   .            (gloves unavailable)
SInv    .            (boots unavailable)
Will    .....        (no amulet)
Stlth   +            (no ring)
HPRegen 1.13/turn    (no ring)
MPRegen 0.10/turn

%: no teleportation
@: no status effects
A: large, unfitting armour, claws 3, regeneration 1, shaggy fur 1, tough skin 1
a: Renounce Religion, Berserk, Trog's Hand


You were in the Dungeon.
You worshipped Trog.
Trog was most pleased with you.
You visited 1 branch You collected 146 gold pieces.

Inventory:

Armour
 a - a +0 animal skin (worn)
Wands
 h - a wand of polymorph (13)
 i - a wand of quicksilver (11)
Scrolls
 g - a scroll of blinking
Potions
 b - a potion of curing
 c - a potion of heal wounds
 d - a potion of haste
 e - 2 potions of magic
 f - a potion of berserk rage


   Skills:
 + Level 8.4 Fighting
 + Level 8.4 Dodging
 + Level 0.6 Stealth
 + Level 11.3 Unarmed Combat


You had 6 spell levels left.
You didn't know any spells.
Your spell library was empty.

Dungeon Overview and Level Annotations

Branches:
Dungeon (1/1)

Altars:
Cheibriados
Dithmenos
Elyvilon
Fedhas
Gozag
Hepliaklqana
Kikubaaqudgha
Okawaru
Qazlal
Ru
Sif Muna
Trog
Uskayaw
Vehumet
Wu Jian
Yredelemnul
Zin
The Shining One

Shops:
D :


Innate Abilities, Weirdness & Mutations

You are too large for most types of armour.
You have claws for hands.
Your natural rate of healing is unusually fast.
You are covered in fur. (AC +1)
You have tough skin. (AC +1)


Message History

You claw Sonja!
You kill Sonja!
Trog accepts your kill.
Trog appreciates your killing of a magic user.
Your life force feels restored.
Your Fighting skill gained 2 levels and is now at level 8!
Your Dodging skill gained 2 levels and is now at level 8!
Your Unarmed Combat skill gained 3 levels and is now at level 11!
You have reached level 7!
Things that are here:
a +2 short sword of draining; 3 curare-tipped darts
Things that are here:
a +2 short sword of draining; 3 curare-tipped darts You open the door.
A yak comes into view.
Found Macsaon's Book Emporium.
Found fourteen altars.
Found an opulent altar of Gozag.
The yak bellows!
The yak barely misses you.
There is an open door here.
You mangle the yak!!
The yak is almost dead.
The yak gores you.
* * * LOW HITPOINT WARNING * * *
You mangle the yak!!
You kill the yak!
Trog accepts your kill.
Things that are here:
a +2 short sword of draining; 3 curare-tipped darts
There is an open door here.
You now have 146 gold pieces (gained 27).
You open the door.
A deep troll comes into view.
Found 108 gold pieces.
There is an open door here.
You scratch the deep troll but do no damage.
You scratch the deep troll.
The deep troll is lightly wounded.
The deep troll bites you!!
You die...

#..#####+#####'#
#..# #.#
#..#__## ##)#
#..#_____##+#_.+
#⌠⌠#_.∩...').._#
####_..__##_.#+#
#____ ##'# ####
##.####+###
+$..@T$.$$+
#$.$#######
##.## #+#


You could see a deep troll.

Vanquished Creatures
  Sonja (D)
  Sigmund (D)
  A yak (D)
  An ogre (D)
  A jelly (D)
  Ijyb (D)
6 creatures vanquished.

Notes
Turn   | Place    | Note
-------+----------+-------------------------------------------
     0 | D        | Heoruswealwe the Troll Berserker began the quest for the
                  | Orb.
     0 | D        | Reached XP level 1. HP: 22/22 MP: 0/0
     1 | D        | Noticed Ijyb
     9 | D        | Killed Ijyb
    10 | D        | Reached skill level 4 in Unarmed Combat
    10 | D        | Reached XP level 2. HP: 31/31 MP: 1/1
    13 | D        | Noticed an ogre
    19 | D        | Killed an ogre
    20 | D        | Reached skill level 6 in Unarmed Combat
    20 | D        | Reached XP level 3. HP: 25/41 MP: 2/2
    20 | D        | Reached XP level 4. HP: 30/49 MP: 3/3
    23 | D        | Noticed Sigmund
    28 | D        | Killed Sigmund
    28 | D        | Reached ** piety under Trog
    29 | D        | Reached skill level 8 in Unarmed Combat
    29 | D        | Reached XP level 5. HP: 26/59 MP: 4/4
    42 | D        | Found an ornate altar of the Wu Jian Council.
    42 | D        | Found a shimmering blue altar of Sif Muna.
    44 | D        | Found a radiant altar of Vehumet.
    48 | D        | Reached XP level 6. HP: 54/68 MP: 5/5
    51 | D        | Noticed Sonja
    56 | D        | HP: 2/51 [Sonja/+2 short sword of draining (2)]
    57 | D        | Killed Sonja
    57 | D        | Reached *** piety under Trog
    58 | D        | Reached skill level 11 in Unarmed Combat
    58 | D        | Reached XP level 7. HP: 3/80 MP: 6/6
    61 | D        | Found Macsaon's Book Emporium.
    61 | D        | Found an ancient bone altar of Kikubaaqudgha.
    61 | D        | Found a hazy altar of Hepliaklqana.
    61 | D        | Found a stormy altar of Qazlal.
    61 | D        | Found a hide-covered altar of Uskayaw.
    61 | D        | Found a blossoming altar of Fedhas.
    61 | D        | Found a bloodstained altar of Trog.
    61 | D        | Found an iron altar of Okawaru.
    61 | D        | Found a basalt altar of Yredelemnul.
    61 | D        | Found a glowing golden altar of the Shining One.
    61 | D        | Found a snail-covered altar of Cheibriados.
    61 | D        | Found a sacrificial altar of Ru.
    61 | D        | Found a glowing silver altar of Zin.
    61 | D        | Found a shadowy altar of Dithmenos.
    61 | D        | Found a white marble altar of Elyvilon.
    61 | D        | Noticed a yak
    62 | D        | Found an opulent altar of Gozag.
    63 | D        | HP: 3/80 [yak (6)]
    64 | D        | Killed a yak
    72 | D        | Noticed a deep troll
    75 | D        | Slain by a deep troll

Illustrated notes

Levels and vault maps discovered:
D:        dungeon_sprint_1 [red_sonja_temple_1, red_sonja_temple_small_1]

Skill      XL: |  1  2  3  4  5  6 |
---------------+-------------------+-----
Fighting       | 3 4 6 8 |  8.4
Dodging        | 3 4 6 8 |  8.4
Unarmed Combat | 4 6 8 11 | 11.3
Stealth        | |  0.6

Action                     |  1- 3 |  4- 6 |  7- 9 || total
---------------------------+-------+-------+-------++-------
  Melee: Unarmed           |    10 |     8 |     4 ||    22
   Stab: Confused          |     1 |       |       ||     1
 Armour: Skin              |     2 |       |       ||     2
         Animal skin       |       |     1 |       ||     1
  Dodge: Dodged            |     1 |     4 |     1 ||     6
